 Dungeon Crawl Stone Soup version 0.31-a0-45-g5f0c076935 (webtiles) character file.

Game seed: 10012358259199141129

27298 porpoise the Cleaver (level 13, -4/118 HPs)
             Began as a Hill Orc Gladiator on May 22, 2023.
             Was an Elder of Qazlal.
             Slain by a cane toad (16 damage)
             ... on level 2 of the Lair of Beasts.
             The game lasted 00:44:06 (12620 turns).

porpoise the Cleaver (Hill Orc Gladiator)          Turns: 12620, Time: 00:44:06

Health: -4/118     AC: 15    Str: 22    XL:     13   Next: 31%
Magic:  15/23      EV: 13    Int:  8    God:    Qazlal [****..]
Gold:   321        SH:  5    Dex: 12    Spells: 12/12 levels left

rFire   + . .        a - +3 battleaxe (flame)
rCold   . . .        (shield currently unavailable)
rNeg    . . .        M - +3 ring mail {rF+}
rPois   .            D - +0 helmet
rElec   .            E - +0 cloak
rCorr   .            F - +0 pair of gloves
SInv    +            u - +0 pair of boots
Will    .....        C - amulet of regeneration
Stlth   +            J - ring of see invisible
HPRegen 1.19/turn    W - +4 ring of slaying
MPRegen 0.18/turn

%: repel missiles
@: no status effects
A: no striking features
a: Renounce Religion, Upheaval, Elemental Force


You were on level 2 of the Lair of Beasts.
You worshipped Qazlal.
Qazlal was greatly pleased with you.
You visited 3 branches of the dungeon, and saw 15 of its levels.

You collected 1057 gold pieces.
You spent 736 gold pieces at shops.

Inventory:

Hand Weapons
 a - a +3 battleaxe of flaming (weapon)
Missiles
 l - 11 boomerangs (quivered)
 r - 3 curare-tipped darts
Armour
 u - a +0 pair of boots (worn)
 D - a +0 helmet (worn)
 E - a +0 cloak (worn)
 F - a +0 pair of gloves (worn)
 M - a +3 ring mail of fire resistance (worn)
Jewellery
 C - an amulet of regeneration (around neck)
 J - a ring of see invisible (left hand)
 R - a ring of protection from cold
 W - a +4 ring of slaying (right hand)
Wands
 t - a wand of digging (15)
 y - a wand of quicksilver (6)
 V - a wand of paralysis (10)
 Z - a wand of iceblast (6)
Scrolls
 b - a scroll of vulnerability
 c - a scroll of amnesia
 h - 3 scrolls of blinking
 j - 7 scrolls of teleportation
 n - a scroll of fear {unknown}
 o - a scroll of enchant armour {unknown}
 p - a scroll of silence
 s - a scroll of fog {unknown}
 v - 2 scrolls of poison
 H - 2 scrolls of butterflies
 K - 4 scrolls of magic mapping
Potions
 q - 7 potions of curing
 w - a potion of berserk rage
 B - a potion of lignification
 I - 3 potions of might
 L - a potion of cancellation
 N - 2 potions of ambrosia


   Skills:
 - Level 12.0 Fighting
 - Level 14.0 Axes
 + Level 5.3 Throwing
 - Level 9.0 Armour
 + Level 6.8 Dodging
 - Level 14.0 Invocations
 - Level 5.0 Evocations


You had 12 spell levels left.
You didn't know any spells.
Your spell library contained the following spells:

 Spells                   Type           Power      Damage    Failure   Level
 Beastly Appendage        Tmut           0%         N/A       54%         1
 Necrotise                Necr           0%         1d4       54%         1
 Blink                    Tloc           0%         N/A       67%         2
 Lesser Beckoning         Tloc           0%         N/A       67%         2
 Wereblood                Tmut           0%         N/A       67%         2
 Gell's Gravitas          Tloc           0%         N/A       88%         3
 Ozocubu's Armour         Ice            0%         N/A       88%         3
 Portal Projectile        Hex/Tloc       0%         N/A       88%         3
 Spider Form              Tmut/Pois      0%         N/A       88%         3
 Teleport Other           Tloc           0%         N/A       88%         3
 Tukima's Dance           Hex            0%         N/A       88%         3
 Vampiric Draining        Necr           0%         2d6       88%         3
 Volatile Blastmotes      Fire/Tloc      0%         2d10      88%         3
 Animate Armour           Summ/Erth      0%         N/A       99%         4
 Cause Fear               Hex            0%         N/A       99%         4
 Fulminant Prism          Conj/Hex       0%         3d5       99%         4
 Iskenderun's Mystic Bla  Conj/Tloc      0%         2d3       99%         4
 Manifold Assault         Tloc           0%         N/A       99%         4
 Agony                    Necr           0%         N/A       100%        5
 Blade Hands              Tmut           0%         N/A       100%        5
 Fireball                 Conj/Fire      0%         3d3       100%        5
 Iskenderun's Battlesphe  Conj           0%         2d6       100%        5
 Lee's Rapid Deconstruct  Erth           0%         3d4*      100%        5
 Metabolic Englaciation   Hex/Ice        0%         N/A       100%        5
 Conjure Ball Lightning   Conj/Air       0%         3x3d6     100%        6
 Iron Shot                Conj/Erth      0%         9d1       100%        6
 Simulacrum               Ice/Necr       0%         N/A       100%        6
 Dragon Form              Tmut           0%         N/A       100%        7
 Orb of Destruction       Conj           0%         9d5       100%        7
 Storm Form               Tmut/Air       0%         N/A       100%        7
 Dragon's Call            Summ           0%         N/A       100%        9


Dungeon Overview and Level Annotations

Branches:
Dungeon (12/15)            Temple (1/1) D:5            Lair (2/5) D:11
    Orc (0/2) D:12
  Swamp: Lair:2-3    Shoals: Lair:2-3     Snake: Lair:2-3    Spider: Lair:2-3

Altars:
Ashenzari
Cheibriados
Dithmenos
Elyvilon
Fedhas
Gozag
Hepliaklqana
Kikubaaqudgha
Makhleb
Nemelex Xobeh
Okawaru
Qazlal
Ru
Sif Muna
Trog
Uskayaw
Vehumet
Wu Jian
Xom
Yredelemnul
Zin
The Shining One

Shops:
D:5 (   D:8 **   D:11 ?

Annotations:
D:4 2 transporters, Licon's ghost, amateur DgFi
D:12 exclusion: upstairs


Message History

The cutting wind hits the merfolk siren!!
The merfolk siren is severely wounded.
The cane toad stings you!
* * * LOW HITPOINT WARNING * * *
The merfolk barely misses you.
The merfolk siren chants its luring song.
You block the cane toad's attack.
Aiming: Upheaval
Press: ? - help, Dir - move target, f - merfolk, p - merfolk siren
Aim: a merfolk, wielding a +0 trident and quivering boomerangs A blizzard blasts the area with ice!
The blast of ice hits the merfolk siren!!!
You break out of your daze!
You kill the merfolk siren!
Qazlal accepts your kill.
The blast of ice hits the merfolk!!!
The merfolk is severely wounded.
The merfolk is flash-frozen.
The merfolk throws a boomerang.
The boomerang misses you. The cane toad stings you!
* * * LOW HITPOINT WARNING * * *
You are lethally poisoned!
The cane toad poisons you!
You feel much better.
You feel very sick.
The merfolk hits you from afar with a +0 trident!
* * * LOW HITPOINT WARNING * * *
The cane toad stings you but does no damage.
You feel better.
The merfolk is no longer encased in ice.
The cane toad stings you.
* * * LOW HITPOINT WARNING * * *
The merfolk throws a boomerang.
You block the boomerang.
Aiming: Upheaval
Press: ? - help, Dir - move target, f/p - merfolk
Aim: a merfolk, wielding a +0 trident and quivering boomerangs (severely wounded)
A storm cloud blasts the area with cutting wind!
The cutting wind hits the merfolk!
The merfolk is almost dead.
The cane toad stings you!
You die...

♣P♣...................#
~~♣.....^.............#
......................##
.......................#
♣...<.............=...#
♣##.########P.P#......#
## #####.☼....# #F§○...#
#@†....# #)§....#
#m)....# ##.....#
.~#....# ~.#.....#
~##....## ..##


You could see a merfolk and a cane toad.

Vanquished Creatures
  Harold (D:11)
  2 two-headed ogres
  3 boulder beetles
  3 death yaks
  Amaemon (D:8)
  A fire crab (shapeshifter) (D:9)
  Pikel (D:8)
  3 manticores
  2 merfolk sirens (Lair:2)
  2 black mambas (Lair:1)
  Joseph (D:7)
  A gargoyle (D:11)
  An unseen horror (D:8)
  An orange demon (D:8)
  A rime drake (Lair:1)
  A komodo dragon (Lair:2)
  A merfolk (Lair:2)
  3 trolls
  A polar bear (Lair:1)
  Prince Ribbit (D:7)
  3 hornets
  9 slime creatures (D:12)
  A vampire (D:12)
  A shadow (D:9)
  2 humans (D:7)
  2 wraiths
  2 wyverns
  41 yaks
  2 vampire mosquitoes (D:11)
  4 water moccasins
  Duvessa (D:7)
  5 orc warriors
  2 ice beasts (D:5)
  3 wolves (Lair:1)
  An ogre (D:6)
  A boggart (D:9)
  3 centaurs
  4 phantoms
  2 lemures (D:8)
  3 kobold brigands
  Blork the orc (D:4)
  A gnoll sergeant (D:8)
  9 bullfrogs
  6 scorpions
  Dowan (D:7)
  14 wights
  3 killer bees (D:9)
  A vampire bat (Lair:1)
  A hound (D:6)
  4 jellies
  12 orc priests
  4 iguanas
  17 orc wizards
  A hell rat (D:11)
  8 adders
  4 gnolls (D:8)
  4 river rats
  An ufetubus (D:7)
  A worm (D:2)
  A dart slug (D:4)
  47 orcs
  5 ball pythons
  9 bats
  14 endoplasms
  3 giant cockroaches
  9 goblins
  5 hobgoblins
  9 jackals
  22 kobolds
  4 quokkas
  3 frilled lizards
  5 rats
352 creatures vanquished.

Notes
Turn   | Place    | Note
-------+----------+-------------------------------------------
     0 | D:1      | porpoise the Hill Orc Gladiator began the quest for the
                  | Orb.
     0 | D:1      | Reached XP level 1. HP: 18/18 MP: 1/1
   225 | D:1      | Reached XP level 2. HP: 24/25 MP: 2/2
   514 | D:1      | Reached skill level 5 in Axes
   546 | D:1      | Reached XP level 3. HP: 31/31 MP: 3/3
   721 | D:1      | Found a faded altar of an unknown god.
  1387 | D:2      | Identified the +0 ring mail of the Nine Eyes {MP+9 Str+3}
  1487 | D:2      | Reached XP level 4. HP: 15/40 MP: 4/4
  1944 | D:2      | Reached XP level 5. HP: 43/46 MP: 5/5
  2500 | D:3      | Found a basalt altar of Yredelemnul.
  3075 | D:4      | Reached XP level 6. HP: 43/53 MP: 6/6
  3254 | D:4      | Noticed Blork the orc
  3261 | D:4      | Killed Blork the orc
  3262 | D:4      | Reached skill level 5 in Fighting
  3542 | D:4      | Reached XP level 7. HP: 61/61 MP: 7/7
  3939 | D:4      | Found a broken altar of Ashenzari.
  3939 | D:4      | Found a transporter.
  3964 | D:4      | Identified the +7 rapier "Uhawat" {distort, MP+9}
  4234 | D:4      | Found a transporter.
  4244 | D:4      | Noticed Licon's ghost (amateur DgFi)
  4395 | D:5      | Entered Level 5 of the Dungeon
  4415 | D:5      | Found a staircase to the Ecumenical Temple.
  4429 | D:5      | Reached skill level 10 in Axes
  4465 | Temple   | Entered the Ecumenical Temple
  4631 | D:5      | Reached XP level 8. HP: 54/71 MP: 8/8
  4703 | D:5      | Found Sacsafiz's Weapon Emporium.
  4763 | D:5      | Found a hide-covered altar of Uskayaw.
  4763 | D:5      | Found a glowing golden altar of the Shining One.
  5265 | D:6      | Reached skill level 1 in Armour
  5321 | D:6      | Noticed a yak
  5321 | D:6      | Noticed a yak
  5321 | D:6      | Noticed a yak
  5321 | D:6      | Noticed a yak
  5321 | D:6      | Noticed a yak
  5321 | D:6      | Noticed a yak
  5390 | D:5      | Killed a yak
  5406 | D:6      | Killed a yak
  5408 | D:6      | Killed a yak
  5409 | D:6      | Reached XP level 9. HP: 79/79 MP: 9/9
  5600 | D:6      | Found a stormy altar of Qazlal.
  5618 | D:6      | Became a worshipper of Qazlal Stormbringer
  6230 | D:6      | Reached skill level 5 in Armour
  6352 | D:7      | Noticed a hornet
  6357 | D:7      | Killed a hornet
  6395 | D:7      | Found an iron altar of Okawaru.
  6451 | D:7      | Noticed Prince Ribbit
  6459 | D:7      | Reached skill level 1 in Invocations
  6471 | D:7      | Reached XP level 10. HP: 47/86 MP: 11/11
  6485 | D:7      | Killed Prince Ribbit
  6524 | D:7      | Noticed Joseph
  6535 | D:7      | Killed Joseph
  6754 | D:7      | Noticed Dowan
  6755 | D:7      | Noticed Duvessa
  6759 | D:7      | Killed Duvessa
  6760 | D:7      | Killed Dowan
  7130 | D:8      | Reached * piety under Qazlal
  7248 | D:8      | Noticed Amaemon
  7249 | D:8      | Noticed an orange demon
  7263 | D:8      | Killed Amaemon
  7263 | D:8      | Killed an unseen horror
  7264 | D:8      | Reached skill level 5 in Invocations
  7269 | D:8      | Killed an orange demon
  7358 | D:8      | Noticed Pikel
  7370 | D:8      | Killed Pikel
  7371 | D:8      | Reached skill level 5 in Dodging
  7371 | D:8      | Reached XP level 11. HP: 69/97 MP: 14/16
  7374 | D:8      | Reached ** piety under Qazlal
  7569 | D:8      | Reached skill level 10 in Fighting
  7726 | D:8      | Found Fotwocuc's Specific Store.
  7730 | D:8      | Found Oproppoz's General Store.
  7936 | D:9      | Identified the +3 quarterstaff of Guhuwu {pain, Int+6}
  8293 | D:9      | Noticed a fire crab
  8301 | D:9      | Killed a fire crab
  8387 | D:9      | You are sucked into a shaft and drop 3 floors!
  8590 | D:12     | Found a staircase to the Orcish Mines.
  8675 | D:12     | Noticed a boulder beetle
  8687 | D:12     | Killed a boulder beetle
  8732 | D:12     | Noticed a two-headed ogre
  8735 | D:12     | Killed a two-headed ogre
  9034 | D:11     | Found Guklo's Magic Scroll Boutique.
  9050 | D:12     | Reached skill level 10 in Invocations
  9134 | D:11     | Reached *** piety under Qazlal
  9137 | D:11     | Noticed Harold
  9139 | D:11     | Noticed a boulder beetle
  9146 | D:11     | Killed Harold
  9147 | D:11     | Reached XP level 12. HP: 79/112 MP: 19/19
  9150 | D:11     | Killed a boulder beetle
  9240 | D:11     | Noticed a death yak
  9248 | D:10     | Entered Level 10 of the Dungeon
  9647 | D:10     | Found a burning altar of Makhleb.
 10243 | D:10     | Noticed a two-headed ogre
 10250 | D:10     | Killed a two-headed ogre
 10515 | D:10     | Killed a death yak
 10516 | D:10     | Reached skill level 1 in Evocations
 10522 | D:11     | Reached **** piety under Qazlal
 10531 | D:11     | Identified the +6 trident of Vuecwir {elec, Dex+2}
 10531 | D:11     | Noticed a death yak
 10533 | D:11     | Noticed a death yak
 10545 | D:10     | Killed a death yak
 10565 | D:11     | Killed a death yak
 10849 | D:11     | Noticed a boulder beetle
 10863 | D:11     | Killed a boulder beetle
 11004 | D:11     | Found a staircase to the Lair.
 11216 | D:11     | Bought a scroll of acquirement for 572 gold pieces
 11216 | D:11     | Acquired 339 gold pieces
 11220 | D:11     | Bought a scroll of blinking for 82 gold pieces
 11220 | D:11     | Bought a scroll of magic mapping for 82 gold pieces
 11329 | D:12     | Reached XP level 13. HP: 117/118 MP: 23/23
 11563 | Lair:1   | Entered Level 1 of the Lair of Beasts
 12608 | Lair:2   | Reached skill level 5 in Throwing
 12613 | Lair:2   | Reached skill level 5 in Evocations
 12614 | Lair:2   | HP: 2/118 [merfolk/+0 trident (13)]
 12620 | Lair:2   | Slain by a cane toad

Illustrated notes

Levels and vault maps discovered:
D:1:      grunt_arrival_crossed_arrows, layout_basic, serial_corexii_hall,
          corexii_hall_statues_i, corexii_hall_statues_x,
          chequers_hall_statues_corner_a, corexii_hall_statues_x,
          chequers_ecumenical_altar_island
D:2:      cheibrodos_fertilizer, layout_loops_ring
D:3:      layout_basic, yredelemnul_altar_generic, grunt_ministairs_13,
          roderic_three_in_a_row, dreamdust_mushroom_princess
D:4:      layout_loops_corners, kennysheep_little_box,
          gammafunk_ghost_gnarly_gnolls, minmay_quantized, uniq_blork_the_orc
D:5:      layout_loops_cross, gammafunk_temple_overflow_elements,
          minmay_temple_entry_waves, serial_shops, shop
D:6:      layout_basic, nicolae_overflow_crystal_walls,
          kennysheep_generic_room_4
D:7:      layout_basic, okawaru_humans, minivault_11, uniq_prince_ribbit1,
          uniq_duvessa, uniq_joseph
D:8:      layout_cave_pools, nicolae_specific_store, nrook_mini_vaults,
          uniq_pikel, uniq_amaemon
D:9:      layout_loops_cross, evilmike_minifort
D:10:     layout_irregular_city, lemuel_crystal_altar, grunt_ministairs_2
D:11:     layout_cave_pools, dpeg_lair_monsters, nicolae_take_the_stairs,
          hangedman_decor_points, uniq_harold
D:12:     layout_loops_cross, david_orc_3, nicolae_elevator_lobby_asterisk
Temple:   regret_index_temple_waves
Lair:1:   layout_gridlike, chequers_serial_rivers_small_a, roderic_batcave,
          grunt_megastairs_2
Lair:2:   layout_big_grid, elwin_shoals_entry_stream, serial_bayou,
          serial_bayou_ford_a, serial_bayou_pond_d, serial_bayou_pond_b,
          serial_bayou_pond_b, grunt_megastairs_5

Skill      XL: |  1  2  3  4  5  6  7  8  9 10 11 12 13 |
---------------+----------------------------------------+-----
Fighting       | 3 4 5 6 7 9 12 | 12.0
Axes           | 5 6 7 8 10 12 14 | 14.0
Armour         | 3 7 9 |  9.0
Invocations    | 1 6 10 14 | 14.0
Dodging        | 5 6 |  6.8
Throwing       | 3 5 |  5.3
Evocations     | 3 5 |  5.0

Action                     |  1- 3 |  4- 6 |  7- 9 | 10-12 | 13-15 || total
---------------------------+-------+-------+-------+-------+-------++-------
  Melee: War axe           |    91 |   117 |    29 |       |       ||   237
         Punch             |     1 |     1 |     1 |       |       ||     3
         Battleaxe         |       |       |   130 |   397 |    61 ||   588
  Throw: Dart              |       |     2 |     7 |       |       ||     9
         Boomerang         |       |     1 |       |    21 |       ||    22
 Invoke: Upheaval          |       |       |       |       |     3 ||     3
    Use: Scroll            |       |     4 |     6 |    14 |     1 ||    25
         Potion            |       |       |       |     4 |     3 ||     7
 Armour: Leather armour    |    11 |       |       |       |       ||    11
         Ring mail         |    19 |    43 |    47 |   180 |    29 ||   318
  Dodge: Dodged            |    60 |    59 |    64 |   255 |    55 ||   493
         Repelled          |       |       |       |     2 |       ||     2
  Block: Other             |       |       |       |    45 |    22 ||    67

Table legend: (Time is in decaauts)
 A = Elapsed time spent in this place.
 B = Non-inter-level travel time spent in this place.
 C = Inter-level travel time spent in this place.
 D = Time resting spent in this place.
 E = Time spent auto-exploring this place.
 F = Levels seen in this place.
 G = Mean time per level.
                   A        B        C        D        E       F      G
               +--------+--------+--------+--------+--------+-----+--------+
         Total |  12688 |  12133 |    555 |   2466 |   7136 |  15 |  845.9 |
       Dungeon |  11488 |  11036 |    452 |   2182 |   6593 |  12 |  957.3 |
        Temple |    142 |     72 |     70 |      0 |     58 |   1 |  142.0 |
          Lair |   1057 |   1025 |     32 |    284 |    485 |   2 |  528.5 |
               +--------+--------+--------+--------+--------+-----+--------+

Top non-repeatable levels by time:
     D:4: 1358 daAuts
     D:1: 1136 daAuts
     D:6: 1106 daAuts
     D:2: 1098 daAuts
    D:12: 1084 daAuts
  Lair:1: 1024 daAuts
     D:9: 949 daAuts
     D:3: 849 daAuts
    D:10: 836 daAuts
    D:11: 815 daAuts
     D:8: 771 daAuts
     D:7: 764 daAuts
     D:5: 717 daAuts
  Temple: 142 daAuts
  Lair:2: 32 daAuts
